 Dungeon Crawl Stone Soup version 0.32-a0-643-ga006e7742e (webtiles) character file.

Game seed: 11309342249870685976

186 jestert79 the Grave Robber (level 5, -2/35 HPs)
             Began as a Formicid Necromancer on Mar 7, 2024.
             Killed from afar by a white imp (7 damage)
             ... with a puff of frost
             ... on level 4 of the Dungeon.
             The game lasted 00:10:56 (2621 turns).

jestert79 the Grave Robber (Formicid Necromancer)   Turns: 2621, Time: 00:10:57

Health: -2/35      AC:  8    Str: 12    XL:     5   Next: 97%
Magic:  8/8        EV: 10    Int: 15    God:
Gold:   197        SH:  0    Dex: 16    Spells: 4/8 levels left

rFire   . . .        e - +5 dagger
rCold   . . .        (no shield)
rNeg    . . .        p - +3 ring mail of Mogi {rPois Will+ Slay+3}
rPois   +            (helmet unavailable)
rElec   .            (no cloak)
rCorr   .            (no gloves)
SInv    +            (no boots)
Will    +....        (no amulet)
Stlth   ++           (no ring)
HPRegen 0.25/turn    (no ring)
MPRegen 0.11/turn

%: no passive effects
@: no status effects
A: permanent stasis, dig shafts and tunnels, antennae 3, four strong arms
a: Dig, Shaft Self


You were on level 4 of the Dungeon.
You visited 1 branch of the dungeon, and saw 4 of its levels.

You collected 197 gold pieces.

Inventory:

Hand Weapons
 e - a +5 dagger (weapon)
Missiles
 r - 6 poisoned darts
Armour
 a - a +0 robe
 p - the +3 ring mail of Mogi (worn) {rPois Will+ Slay+3}
   (You found it on level 3 of the Dungeon)

   Slay+3:    It affects your accuracy & damage with ranged weapons and melee
   (+3).
   rPois:     It protects you from poison.
   Will+:     It increases your willpower.
Scrolls
 f - a scroll of fog {unknown}
 h - 4 scrolls of blinking {unknown}
 i - a scroll of silence {unknown}
 j - a scroll of acquirement {unknown}
 l - 9 scrolls of identify {unknown}
 n - a scroll of vulnerability {unknown}
 q - a scroll of immolation {unknown}
Potions
 b - a potion of magic
 c - a potion of lignification
 g - a potion of curing {unknown}
 k - 2 potions of heal wounds {unknown}
 m - a potion of berserk rage {unknown}
 o - a potion of enlightenment {unknown}
 s - a potion of resistance {unknown}


   Skills:
 + Level 4.2 Short Blades
 - Level 1.7 Dodging
 - Level 2.4 Stealth
 - Level 2.1 Spellcasting
 + Level 5.0 Necromancy


You had 4 spell levels left.
You knew the following spells:

 Your Spells              Type           Power      Damage    Failure   Level
a - Necrotise             Necr           64%        1d7       6%          1
b - Vampiric Draining     Necr           16%        2d7       19%         3

Your spell library contained the following spells:

 Spells                   Type           Power      Damage    Failure   Level
 Apportation              Tloc           2%         N/A       45%         1
 Animate Dead             Necr           16%        N/A       54%         4
 Jinxbite                 Hex            2%         N/A       58%         2
 Summon Blazeheart Golem  Fire/Summ      1%         N/A       99%         4
 Curse of Agony           Necr           16%        N/A       87%         5
 Alistair's Intoxication  Alch           0%         N/A       100%        5
 Orb of Destruction       Conj           0%         9d5       100%        7
 Spellforged Servitor     Conj/Summ      0%         N/A       100%        7


Dungeon Overview and Level Annotations

Branches:
Dungeon (4/15)
 Temple: D:4-7

Altars:
Cheibriados

Annotations:
D:2 Sigmund
D:3 2 transporters
D:4 Eustachio


Innate Abilities, Weirdness & Mutations

You cannot be hasted, slowed, berserked, paralysed or teleported.
You can dig through walls and to a lower floor.
You have a pair of large antennae on your head. (SInv)
Your four strong arms can wield two-handed weapons with a shield.


Message History

Things that are here:
a +0 whip; a rat corpse
There is a stone staircase leading down here.
You climb downwards.
Level annotation: Eustachio
There is a stone staircase leading up here.
Found 22 gold pieces.
A quokka and a white imp come into view.
Found a stone staircase leading down.
The white imp shouts, "Escape, thou puny hasty-witted flax-wench!"
You hear a shout!
The giant cockroach bites you.
You puncture the giant cockroach!
You kill the giant cockroach!
The white imp gestures at you. The puff of frost hits you.
The quokka bites you.
You hit the quokka.
The quokka is lightly wounded.
The quokka bites you but does no damage.
You hit the quokka.
The quokka is severely wounded.
The quokka bites you. The white imp gestures at you.
The puff of frost hits you!
You barely miss the quokka.
The quokka is severely wounded.
The quokka closely misses you.
You hit the white imp.
The white imp is moderately wounded.
The white imp gestures at you. The puff of frost hits you!
* * * LOW HITPOINT WARNING * * *
The quokka barely misses you.
Unknown command.
You hit the white imp.
The white imp is almost dead.
The white imp gestures at you. The puff of frost hits you!
You die...

### #<#
#.# #@#
#5#
#r......#
.....##.#
#.....#
#.....#
#.$.$.#
#>....+
#.....#


You could see a white imp and a quokka.

Vanquished Creatures
  2 orc wizards (D:3)
  Robin (D:2)
  6 adders
  A dart slug (D:2)
  2 ribbon worms
  3 orcs (D:3)
  2 ball pythons (D:3)
  6 bats
  3 endoplasms (D:1)
  6 giant cockroaches
  6 hobgoblins
  A kobold (D:2)
  2 quokkas
  4 frilled lizards
  13 goblins
  5 rats
63 creatures vanquished.

Vanquished Creatures (collateral kills)
  A ball python (D:2)
  2 frilled lizards (D:1)
3 creatures vanquished.

Grand Total: 66 creatures vanquished

Notes
Turn   | Place    | Note
-------+----------+-------------------------------------------
     0 | D:1      | jestert79 the Formicid Necromancer began the quest for the
                  | Orb.
     0 | D:1      | Reached XP level 1. HP: 13/13 MP: 3/3
    42 | D:1      | Found a faded altar of an unknown god.
   157 | D:1      | Reached skill level 1 in Short Blades
   157 | D:1      | Reached XP level 2. HP: 17/19 MP: 5/5
   865 | D:2      | Noticed Sigmund
   934 | D:2      | Reached XP level 3. HP: 19/24 MP: 4/6
  1238 | D:2      | Noticed Robin
  1263 | D:2      | Reached XP level 4. HP: 30/30 MP: 3/7
  1302 | D:2      | Learned a level 3 spell: Vampiric Draining
  1395 | D:2      | Killed Robin
  1791 | D:3      | Found a transporter.
  1827 | D:3      | Found a transporter.
  1975 | D:3      | Reached XP level 5. HP: 35/35 MP: 3/8
  2061 | D:3      | Identified the +3 ring mail of Mogi {rPois Will+ Slay+3}
  2299 | D:3      | Reached skill level 5 in Necromancy
  2367 | D:3      | Found a snail-covered altar of Cheibriados.
  2546 | D:4      | Noticed Eustachio
  2621 | D:4      | Killed from afar by a white imp

Illustrated notes

Levels and vault maps discovered:
D:1:      dpeg_arrival_round_c, layout_basic, basic_ecumenical_altar,
          chequers_serial_rivers_large_b
D:2:      layout_rooms, uniq_sigmund, uniq_robin
D:3:      gammafunk_wand_slinger, layout_rooms, slow_altar_2,
          saegor_snake_ambush
D:4:      layout_basic, uniq_eustachio

Skill      XL: |  1  2  3  4  5 |
---------------+----------------+-----
Short Blades   | 1 2 3 4 |  4.2
Necromancy     | 5 |  5.0
Dodging        | |  1.7
Stealth        | |  2.4
Spellcasting   | |  2.1

Action                     |  1- 3 |  4- 6 || total
---------------------------+-------+-------++-------
  Melee: Dagger            |    57 |    85 ||   142
   Cast: Necrotise         |    10 |    20 ||    30
    Use: Potion            |     1 |       ||     1
   Stab: Sleeping          |     4 |     2 ||     6
 Armour: Robe              |    29 |    25 ||    54
         Skin              |     5 |       ||     5
         Ring mail         |       |    22 ||    22
  Dodge: Dodged            |    27 |    46 ||    73

Table legend: (Time is in decaauts)
 A = Elapsed time spent in this place.
 B = Non-inter-level travel time spent in this place.
 C = Inter-level travel time spent in this place.
 D = Time resting spent in this place.
 E = Time spent auto-exploring this place.
 F = Levels seen in this place.
 G = Mean time per level.
                   A        B        C        D        E       F      G
               +--------+--------+--------+--------+--------+-----+--------+
         Total |   2643 |   2413 |    230 |    301 |    936 |   4 |  660.8 |
       Dungeon |   2643 |   2413 |    230 |    301 |    936 |   4 |  660.8 |
               +--------+--------+--------+--------+--------+-----+--------+

Top non-repeatable levels by time:
     D:1: 962 daAuts
     D:2: 850 daAuts
     D:3: 744 daAuts
     D:4: 86 daAuts
